 Dungeon Crawl Stone Soup version 0.26-a0-639-g72c4674329 (webtiles) character file.

Game seed: 8495428152626985397

373 Flugslaktarn the Skirmisher (level 7, -1/56 HPs)
             Began as a Formicid Fighter on Sept 21, 2020.
             Slain by a hippogriff (6 damage)
             ... on level 4 of the Dungeon.
             The game lasted 00:00:58 (1958 turns).

Flugslaktarn the Skirmisher (Formicid Fighter)      Turns: 1958, Time: 00:00:58

Health: -1/56      AC:  9    Str: 23    XL:     7   Next: 2%
Magic:  7/7        EV:  8    Int:  7    God:
Gold:   91         SH: 10    Dex: 10    Spells: 6/6 levels left

rFire    . . .     SeeInvis +   a - +0 war axe
rCold    . . .     Faith    .   c - +0 kite shield
rNeg     . . .     Spirit   .   b - +0 scale mail
rPois    .         Reflect  .   (helmet unavailable)
rElec    .         Harm     .   m - +0 cloak
rCorr    .         Rampage  .   (no gloves)
MR       .....                  q - +0 pair of boots
Stlth    ..........             (no amulet)
HPRegen  0.18/turn              (no ring)
MPRegen  0.10/turn              (no ring)

@: no status effects
A: permanent stasis, dig shafts and tunnels, four strong arms, antennae 3
a: Dig, Shaft Self


You were on level 4 of the Dungeon.
You visited 1 branch of the dungeon, and saw 4 of its levels.

You collected 91 gold pieces.

Inventory:

Hand Weapons
 a - a +0 war axe (weapon)
Armour
 b - a +0 scale mail (worn)
 c - a +0 kite shield (worn)
 m - a +0 cloak (worn)
   (You found it on level 3 of the Dungeon)
 q - a +0 pair of boots (worn)
   (You found it on level 4 of the Dungeon)
Jewellery
 e - an uncursed amulet of regeneration {unknown}
   (You found it on level 1 of the Dungeon)
Scrolls
 d - a scroll of amnesia {unknown}
 f - a scroll of immolation {unknown}
 g - 4 scrolls of identify {unknown}
 h - 3 scrolls of remove curse {unknown}
 i - 3 scrolls of random uselessness {unknown}
 p - a scroll of fog {unknown}
Potions
 j - a potion of curing {unknown}
 k - a potion of degeneration {unknown}
 l - a potion of magic {unknown}
 n - a potion of berserk rage {unknown}
 o - a potion of lignification {unknown}


   Skills:
 * Level 5.3 Fighting
 * Level 4.2 Axes
 + Level 4.3 Armour
 + Level 4.9 Shields


You had 6 spell levels left.
You didn't know any spells.
Your spell library was empty.

Dungeon Overview and Level Annotations

Branches:
Dungeon (4/15)
 Temple: D:4-7

Altars:
Hepliaklqana


Innate Abilities, Weirdness & Mutations

You cannot be hasted, slowed, berserked, paralysed or teleported.
You can dig through walls and to a lower floor.
Your four strong arms can wield two-handed weapons with a shield.
You have a pair of large antennae on your head. (SInv)


Message History

The hippogriff is severely wounded.
The hippogriff bites you but does no damage.
The hippogriff closely misses you. The hippogriff claws you.
You block the hippogriff's attack. The hippogriff pecks you.
The hippogriff claws you but does no damage.
You are too injured to fight recklessly!
You hit the hippogriff.
The hippogriff is severely wounded.
The hippogriff bites you.
* * * LOW HITPOINT WARNING * * *
The hippogriff pecks you!
* * * LOW HITPOINT WARNING * * *
You block the hippogriff's attack.
You hit the hippogriff but do no damage.
The hippogriff is severely wounded.
You hear the drain falling apart.
The hippogriff bites you.
* * * LOW HITPOINT WARNING * * *
The hippogriff pecks you.
You die...

....H..... ..... ..
.........# ##.....##.
##........####..##.....
#........).#...........
#.................. ..
#...........#.....###.
#.......#.###.........
.$#.#....##.# ..........
......H@.#..# .###.....
#..........##### #......
#........#.###.###.##...
#######.##.........##..#
###......##..##..#
#..######...##...
#......##.รท###...
##.##......>.#...
#..#.###.........


You could see a hippogriff.

Vanquished Creatures
  Menkaure (D:4)
  An ogre (D:4)
  An orc priest (D:3)
  2 iguanas (D:4)
  A worker ant (D:4)
  2 adders
  An ooze (D:2)
  A worm (D:3)
  2 dart slugs
  3 orcs
  A giant cockroach (D:3)
  9 goblins
  A hobgoblin (D:3)
  2 jackals (D:3)
  2 kobolds
  4 bats
  5 frilled lizards
  A rat (D:1)
40 creatures vanquished.

Notes
Turn   | Place    | Note
-------+----------+-------------------------------------------
     0 | D:1      | Flugslaktarn the Formicid Fighter began the quest for the
                  | Orb.
     0 | D:1      | Reached XP level 1. HP: 18/18 MP: 1/1
   266 | D:1      | Reached XP level 2. HP: 23/24 MP: 2/2
   437 | D:2      | Found a hazy altar of Hepliaklqana.
   484 | D:3      | Reached XP level 3. HP: 30/30 MP: 3/3
   741 | D:3      | Reached skill level 4 in Fighting
   741 | D:3      | Reached XP level 4. HP: 11/37 MP: 4/4
  1220 | D:4      | Reached XP level 5. HP: 23/43 MP: 5/5
  1545 | D:4      | Noticed an ogre
  1553 | D:4      | Killed an ogre
  1553 | D:4      | Reached XP level 6. HP: 30/50 MP: 6/6
  1565 | D:4      | Reached skill level 5 in Fighting
  1575 | D:4      | Noticed a hippogriff
  1580 | D:4      | HP: 2/51 [poisoned by a worker ant]
  1588 | D:4      | HP: 2/51 [poisoned by a worker ant]
  1899 | D:4      | Noticed Menkaure
  1904 | D:4      | Killed Menkaure
  1904 | D:4      | Reached XP level 7. HP: 56/56 MP: 7/7
  1958 | D:4      | Slain by a hippogriff

Illustrated notes

Levels and vault maps discovered:
D:1:      roderic_octagonal_star, layout_loops_corners, serial_bayou_lagoon_a
D:2:      layout_loops_corners, lemuel_crystal_altar,
          grunt_dithmenos_smoke_and_mirrors, overflow_temple_1_default,
          uniq_robin, uniq_sigmund, uniq_crazy_yiuf_cottage
D:3:      layout_basic, old_standard_altar
D:4:      layout_cave_pools, marbit_many_paths, cheibrodos_sewer_entry_bend,
          uniq_menkaure

Skill      XL: |  1  2  3  4  5  6 |
---------------+-------------------+-----
Shields        | 4 |  4.9
Fighting       | 4 5 |  5.3
Axes           | 3 4 |  4.2
Armour         | 4 |  4.3

Action                   |  1- 3 |  4- 6 |  7- 9 || total
-------------------------+-------+-------+-------++-------
Melee: War axe           |    71 |    57 |    18 ||   146
  Use: Potion            |     1 |       |       ||     1
Armor: Scale mail        |    36 |    13 |    16 ||    65
Dodge: Dodged            |    28 |    22 |    19 ||    69
Block: Kite shield       |    42 |    27 |    22 ||    91

Table legend: (Time is in decaauts)
 A = Elapsed time spent in this place.
 B = Non-inter-level travel time spent in this place.
 C = Inter-level travel time spent in this place.
 D = Time resting spent in this place.
 E = Time spent auto-exploring this place.
 F = Levels seen in this place.
 G = Mean time per level.
                   A        B        C        D        E       F      G
               +--------+--------+--------+--------+--------+-----+--------+
         Total |   2016 |   2003 |     13 |    275 |   1331 |   4 |  504.0 |
       Dungeon |   2016 |   2003 |     13 |    275 |   1331 |   4 |  504.0 |
               +--------+--------+--------+--------+--------+-----+--------+

Top non-repeatable levels by time:
     D:3: 1042 daAuts
     D:4: 498 daAuts
     D:1: 421 daAuts
     D:2: 53 daAuts
